 Dungeon Crawl Stone Soup version 0.31.0-9-g3a7656b989 (webtiles) character file.

Game seed: 17708339445789848215

391 qw the Skirmisher (level 6, -3/35 HPs)
             Began as a Deep Elf Hunter on Feb 2, 2024.
             Incinerated by a bombardier beetle (5 damage)
             ... with a burning spray
             ... on level 3 of the Dungeon.
             The game lasted 00:00:07 (1898 turns).

qw the Skirmisher (Deep Elf Hunter)                 Turns: 1898, Time: 00:00:08

Health: -3/35      AC:  6    Str: 10    XL:     6   Next: 50%
Magic:  8/8        EV: 11    Int: 14    God:
Gold:   99         SH:  0    Dex: 18    Spells: 5/5 levels left

rFire   . . .        a - +0 shortbow
rCold   . . .        (shield currently unavailable)
rNeg    . . .        h - +0 ring mail
rPois   +            d - +1 hat
rElec   .            (no cloak)
rCorr   .            (no gloves)
SInv    .            (no boots)
Will    .....        (no amulet)
Stlth   +            f - ring of poison resistance
HPRegen 0.25/turn    (no ring)
MPRegen 0.11/turn

%: no passive effects
@: on fire, glowing
A: no striking features
a: no special abilities


You were on level 3 of the Dungeon.
You visited 1 branch of the dungeon, and saw 3 of its levels.

You collected 99 gold pieces.


   Skills:
 - Level 2.0 Fighting
 + Level 10.0 Ranged Weapons
 - Level 3.0 Dodging
 - Level 1.2 Stealth


You had 5 spell levels left.
You didn't know any spells.
Your spell library was empty.

Inventory:

Hand Weapons
 a - a +0 shortbow (weapon)
Armour
 d - a +1 hat (worn)
 e - a +0 helmet
 h - a +0 ring mail (worn)
Jewellery
 c - a ring of see invisible
 f - a ring of poison resistance (left hand)
Scrolls
 k - a scroll of identify {unknown}
Potions
 b - a potion of curing
 g - a potion of haste {unknown}
 i - a potion of might {unknown}
 j - a potion of heal wounds

Dungeon Overview and Level Annotations

Branches:
Dungeon (3/15)

Altars:

Shops:
D:1 !

Annotations:
D:2 1 runed translucent door, Crazy Yiuf


Message History

A dart slug comes into view.
You shoot an arrow. The arrow hits the dart slug.
The dart slug is lightly wounded.
You shoot an arrow. The arrow hits the dart slug.
The dart slug is heavily wounded.
You shoot an arrow. The arrow hits the dart slug!
You kill the dart slug!
You shoot an arrow.
The arrow barely misses the bombardier beetle.
The bombardier beetle sprays incendiary fluid at you.
The burning spray hits you.
You are covered in liquid fire!
You shoot an arrow. The arrow hits the bombardier beetle!
The bombardier beetle is severely wounded.
The liquid fire burns you!
The bombardier beetle sprays incendiary fluid at you.
The burning spray hits you.
You are even more covered in liquid fire!
You shoot an arrow.
The arrow barely misses the bombardier beetle.
The liquid fire burns you!
You shoot an arrow. The arrow hits the bombardier beetle.
You kill the bombardier beetle!
The liquid fire burns you!
Your Dodging skill increases to level 3!
You are on fire!
The liquid fire burns you!
You are on fire!
The liquid fire burns you!
You are on fire!
The liquid fire burns you!
You are on fire!
The liquid fire burns you!
You are on fire!
The liquid fire burns you!
You are on fire!
The liquid fire burns you!
You are on fire!
The liquid fire burns you!
You die...

#. ##. #.. .. #.
## ######.#####
#.. ...........#
#.# #####...#.#
#.# ###.#@# #.#
#.#...%....
##.##
#.#####..>##.
#...######## #.#
#.. .... .#
...........# #.#
#.# ....#
....######.# #.#
#.# #.#..# ##.##
#.# #.# #.#
#.#..### #.# #.#
#.# #.# #.......
#.# #.#
#.###.#####....#


There were no monsters in sight!

Vanquished Creatures
  Sigmund (D:2)
  2 bombardier beetles (D:3)
  A sleepcap (D:2)
  Robin (D:3)
  4 gnolls (D:2)
  4 adders
  2 dart slugs
  A ribbon worm (D:2)
  An orc (D:3)
  8 endoplasms
  4 giant cockroaches
  9 goblins
  4 hobgoblins
  2 jackals (D:1)
  2 quokkas
  3 ball pythons
  6 bats
  2 frilled lizards (D:1)
  A kobold (D:1)
  4 rats
62 creatures vanquished.

Notes
Turn   | Place    | Note
-------+----------+-------------------------------------------
     0 | D:1      | qw the Deep Elf Hunter began the quest for the Orb.
     0 | D:1      | Reached XP level 1. HP: 12/12 MP: 3/3
     0 | D:1      | 0 ||| qw: Version: 0.3-a-155-g5e7d8dd
     0 | D:1      | 0 ||| qw: Game counter: 1029
     0 | D:1      | 0 ||| qw: Melee chars always use a shield: true
     0 | D:1      | 0 ||| qw: God list: Okawaru
     0 | D:1      | 0 ||| qw: Allow faded altars: false
     0 | D:1      | 0 ||| qw: Do Orc after clearing Dungeon:15 true
     0 | D:1      | 0 ||| qw: Do second Lair branch before Depths: true
     0 | D:1      | 0 ||| qw: Lair rune preference: random
     0 | D:1      | 0 ||| qw: Goals: Normal
     0 | D:1      | 0 ||| PLANNING D:1-11
    82 | D:1      | Reached XP level 2. HP: 16/16 MP: 4/4
    84 | D:1      | Reached skill level 6 in Ranged Weapons
   267 | D:1      | Found Xiben's Distillery.
   281 | D:1      | 281 ||| SHOPLISTING potion of curing (39 gold, have 36).
   281 | D:1      | 281 ||| SHOPLISTING potion of enlightenment (65 gold, have
                  | 36).
   281 | D:1      | 281 ||| SHOPLISTING potion of heal wounds (65 gold, have
                  | 36).
   281 | D:1      | 281 ||| SHOPLISTING potion of might (52 gold, have 36).
   281 | D:1      | 281 ||| SHOPLISTING potion of mutation (104 gold, have 36).
   366 | D:1      | 366 ||| UPGRADING to +1 hat.
   371 | D:1      | 371 ||| UPGRADING to +0 ring mail.
   381 | D:1      | 381 ||| DROPPING +0 leather armour.
   382 | D:1      | 382 ||| UPGRADING to ring of poison resistance.
   383 | D:1      | 383 ||| READING scroll labelled MYICOINGOY.
   484 | D:1      | 484 ||| DROPPING scroll of butterflies.
   516 | D:2      | Reached XP level 3. HP: 20/20 MP: 5/5
   564 | D:2      | Reached skill level 7 in Ranged Weapons
   591 | D:2      | Reached XP level 4. HP: 25/25 MP: 6/6
   684 | D:2      | Reached skill level 8 in Ranged Weapons
   784 | D:2      | Found a faded altar of an unknown god.
   986 | D:2      | Reached XP level 5. HP: 29/29 MP: 7/7
  1253 | D:2      | Found a runed translucent door.
  1254 | D:2      | Noticed Crazy Yiuf
  1257 | D:2      | 1257 ||| READING scroll labelled DEXTUNEUMO.
  1344 | D:2      | 1344 ||| DRINKING 2 purple potions.
  1345 | D:2      | 1345 ||| DRINKING 2 inky potions.
  1469 | D:3      | Noticed Sigmund
  1471 | D:3      | 1471 ||| FLEEEEING.
  1472 | D:3      | 1472 ||| FLEEEEING.
  1473 | D:3      | 1473 ||| FLEEEEING.
  1474 | D:3      | 1474 ||| FLEEEEING.
  1475 | D:3      | 1475 ||| FLEEEEING.
  1476 | D:3      | 1476 ||| FLEEEEING.
  1477 | D:3      | 1477 ||| FLEEEEING.
  1478 | D:3      | 1478 ||| FLEEEEING.
  1479 | D:3      | 1479 ||| FLEEEEING.
  1480 | D:3      | 1480 ||| FLEEEEING.
  1481 | D:3      | 1481 ||| FLEEEEING.
  1482 | D:3      | 1482 ||| FLEEEEING.
  1484 | D:3      | 1484 ||| FLEEEEING.
  1485 | D:3      | 1485 ||| STAIRDANCE
  1559 | D:3      | 1559 ||| STAIRDANCE
  1610 | D:3      | 1610 ||| STAIRDANCE
  1617 | D:2      | HP: 3/29 [something/puff of flame (6)]
  1620 | D:2      | Killed Sigmund
  1621 | D:2      | Reached skill level 10 in Ranged Weapons
  1621 | D:2      | Reached XP level 6. HP: 5/34 MP: 8/8
  1752 | D:3      | Noticed Robin
  1769 | D:3      | Killed Robin
  1892 | D:3      | Reached skill level 3 in Dodging
  1896 | D:3      | HP: 5/35 [burnt (5)]
  1897 | D:3      | HP: 1/35 [burnt (4)]
  1898 | D:3      | Incinerated by a bombardier beetle

Levels and vault maps discovered:
D:1:      tarquinn_simple_flora_water_e, layout_rooms, serial_shops, shop,
          minmay_distorted
D:2:      layout_loops_ring, hellmonk_ecumenical_altar_prayer_group,
          uniq_crazy_yiuf_cottage
D:3:      layout_loops_ring, serial_shops, nicolae_shop_trees, uniq_robin,
          uniq_sigmund

Skill      XL: |  1  2  3  4  5  6 |
---------------+-------------------+-----
Ranged Weapons | 6 7 8 10 | 10.0
Fighting       | 2 |  2.0
Dodging        | 3 |  3.0
Stealth        | |  1.2

Action                     |  1- 3 |  4- 6 || total
---------------------------+-------+-------++-------
   Fire: Shortbow          |    72 |   132 ||   204
    Use: Scroll            |     1 |     1 ||     2
         Potion            |       |     2 ||     2
 Armour: Leather armour    |     3 |       ||     3
         Ring mail         |     2 |    36 ||    38
  Dodge: Dodged            |    14 |    45 ||    59

Table legend:
 A = Non-vault XP
 B = Vault XP
 C = Vault XP percentage of total XP
 D = Non-vault monster count
 E = Vault monster count
 F = Vault count percentage of total count
                 A         B        C        D         E       F
            +---------+---------+-------+---------+---------+-------
      Total |     310 |     249 |  44.5 |      50 |      12 |  19.4
            +---------+---------+-------+---------+---------+-------
        D:1 |      28 |       3 |   9.7 |      17 |       2 |  10.5
        D:2 |     163 |     217 |  57.1 |      23 |       3 |  11.5
        D:3 |     119 |      29 |  19.6 |      10 |       7 |  41.2
            +---------+---------+-------+---------+---------+-------
